 Dungeon Crawl Stone Soup version 0.20.1-1-g8b1a95d (webtiles) character file.

134 dstrtn the Poker (level 4, 0/40 HPs)
             Began as a Centaur Chaos Knight on Sept 25, 2017.
             Slain by a gnoll
             ... wielding a +0 spear
              (5 damage)
             ... on level 3 of the Dungeon.
             The game lasted 00:10:18 (2049 turns).

dstrtn the Poker (Centaur Chaos Knight)             Turns: 2049, Time: 00:10:20

Health: 0/40       AC:  7    Str: 21    XL:     4   Next: 95%
Magic:  4/4        EV:  9    Int: 14    God:    Xom [.....*]
Gold:   186        SH:  0    Dex:  8    Spells: 3/3 levels left

rFire    . . .     SeeInvis .   a - +0 spear (chaos)
rCold    . . .     Gourm    .   (no shield)
rNeg     . . .     Faith    .   b - +2 leather armour
rPois    .         Spirit   .   (no helmet)
rElec    .         Reflect  .   p - +0 cloak
rCorr    .         Harm     .   (no gloves)
MR       .....                  (no barding)
Stlth    ..........             (no amulet)
Regen    0.2/turn               e - +3 ring of intelligence
MPRegen  0.1/turn               (no ring)

@: confused, mighty, very quick
A: hooves 3, deformed body, speed 2, tough skin 3
a: Renounce Religion


You were on level 3 of the Dungeon.
You worshipped Xom.
You were Xom's teddy bear.
You were not hungry.

You visited 1 branch of the dungeon, and saw 3 of its levels.

You collected 186 gold pieces.

Inventory:

Hand Weapons
 a - a +0 spear of chaos (weapon)
Missiles
 k - 2 stones (quivered)
 m - 12 poisoned needles
 n - 37 bolts
Armour
 b - a +2 leather armour (worn)
 p - a +0 cloak (worn)
Jewellery
 e - a +3 ring of intelligence (left hand)
Wands
 s - a wand of polymorph (0/24)
Scrolls
 f - a scroll of fog {unknown}
 q - a scroll of enchant armour {unknown}
Potions
 j - a potion of ambrosia
 o - 3 potions of mutation
Comestibles
 c - 2 bread rations
 d - 5 chunks of flesh
 i - 3 fruits
 t - a royal jelly


   Skills:
 + Level 4.1 Fighting
 * Level 4.4 Polearms
 - Level 1.3 Armour
 - Level 0.6 Dodging


You had 3 spell levels left.
You didn't know any spells.

Dungeon Overview and Level Annotations

Branches:
Dungeon (3/15)

Altars:
Elyvilon
Makhleb
Xom

Annotations:
D:2 exclusion: downstairs
D:3 Natasha, Robin, Sigmund


Innate Abilities, Weirdness & Mutations

You have hooves in place of feet.
Armour fits poorly on your strangely shaped body.
You cover ground very quickly.
You have extremely tough skin. (AC +3)


Message History

Something hits you.
* * * LOW HITPOINT WARNING * * *
Evoke which item? (* to show all) (? for menu, Esc to quit)
Aiming: Polymorph (will waste charges)
Press: ? - help, Shift-Dir - straight line, f - Natasha
Aim: Natasha (chance to defeat MR: 46%) Nothing appears to happen.
Natasha barely misses you. Something completely misses you.
You feel very mighty all of a sudden. Something hits you.
* * * LOW HITPOINT WARNING * * *
Natasha claws you but does no damage. Something hits you but does no damage.
You are confused.
You feel invigorated.
Natasha stares at you and mumbles some strange words.
The magic dart hits you!
* * * LOW HITPOINT WARNING * * *
Something hits you.
You die...
Xom titters!

###............#.#######
###.###.#......#.#
....###.#......#.#
........#......#.#
###....#....####.#
#....#....# #.#
+.g..#....# #{#
###....#....# #.#
............ #@#####
............ #.h...#
............ #####.#
#...########### #.#
#...# #.....######.#
....#####............#
....#..........#######
....#....).....######
...............#....#


You could see Natasha.

Vanquished Creatures
  A crimson imp (D:3)
  A gnoll (D:3)
  2 adders (D:2)
  2 oozes
  2 worms (D:2)
  A dart slug (D:2)
  2 leopard geckos
  8 bats
  2 giant cockroaches
  9 goblins
  8 hobgoblins
  6 kobolds
  A quokka (D:3)
  A ball python (D:2)
  3 frilled lizards (D:2)
  6 rats
55 creatures vanquished.

Notes
Turn   | Place    | Note
-------+----------+-------------------------------------------
     0 | D:1      | dstrtn the Centaur Chaos Knight began the quest for the Orb.
     0 | D:1      | Reached XP level 1. HP: 19/19 MP: 1/1
   135 | D:1      | XOM: harmless Chrm miscast
   266 | D:1      | Reached XP level 2. HP: 26/26 MP: 2/2
   355 | D:1      | XOM: cloud trail
   426 | D:1      | XOM: silly message
   679 | D:2      | Reached XP level 3. HP: 26/31 MP: 3/3
   747 | D:2      | XOM: cloud trail
   765 | D:2      | Found a white marble altar of Elyvilon.
   912 | D:2      | XOM: silly message
  1007 | D:2      | XOM: harmless Tmut miscast
  1118 | D:2      | Found a burning altar of Makhleb.
  1154 | D:2      | XOM: harmless Ice miscast
  1196 | D:3      | Noticed Sigmund
  1197 | D:3      | XOM: potion effect (brilliance)
  1200 | D:3      | XOM: butterfly on damage
  1284 | D:3      | XOM: stat loss: -1 Int (18/19)
  1301 | D:3      | Noticed Natasha
  1302 | D:3      | XOM: blink monster(s)
  1305 | D:3      | XOM: swap monsters
  1313 | D:3      | XOM: butterfly on damage
  1341 | D:3      | Reached XP level 4. HP: 7/40 MP: 4/4
  1683 | D:3      | Noticed Robin
  1697 | D:2      | XOM: scenery: create altars
  1710 | D:2      | XOM: polymorph hobgoblin -> giant cockroach
  1882 | D:3      | Sigmund changed into Sigmund the jelly
  1882 | D:3      | XOM: polymorph Sigmund -> Sigmund the jelly
  1882 | D:3      | Noticed Sigmund
  1882 | D:3      | Sigmund the jelly changed into Sigmund the basilisk
  1908 | D:3      | Noticed Sigmund
  1919 | D:3      | Noticed Sigmund
  1926 | D:3      | XOM: enchant monster (good)
  2049 | D:3      | Slain by a gnoll

Skill      XL: |  1  2  3  4 |
---------------+-------------+-----
Polearms       | 3 4 |  4.4
Fighting       | 4 |  4.1
Armour         | |  1.3
Dodging        | |  0.6

Action                   |  1- 3 |  4- 6 || total
-------------------------+-------+-------++-------
Melee: Spear             |    98 |    56 ||   154
       Kick              |    11 |     6 ||    17
Throw: Stone             |       |     2 ||     2
Evoke: Wand              |     2 |     1 ||     3
  Use: Scroll            |     4 |       ||     4
       Potion            |     2 |     2 ||     4
 Stab: Confused          |     2 |       ||     2
       Paralysed         |       |     1 ||     1
  Eat: Chunk             |       |     2 ||     2
Armor: Leather armour    |    20 |    23 ||    43
Dodge: Dodged            |    19 |    20 ||    39
